 Dungeon Crawl Stone Soup version 0.31.0-32-g396128a36d (webtiles) character file.

Game seed: 13859459390216949097

511 FallenXxXSky the Cutter (level 7, -5/42 HPs)
             Began as a Kobold Artificer on Mar 26, 2024.
             Slain by Pikel
             ... wielding a +0 whip of flaming
              (8 damage)
             ... while paralysed by Grinder
             ... on level 6 of the Dungeon.
             The game lasted 00:07:26 (4328 turns).

FallenXxXSky the Cutter (Kobold Artificer)          Turns: 4328, Time: 00:07:27

Health: -5/42      AC: 10    Str: 12    XL:     7   Next: 43%
Magic:  7/7        EV:  3    Int: 12    God:
Gold:   253        SH:  0    Dex: 15    Spells: 6/6 levels left

rFire   . . .        i - +2 short sword (venom)
rCold   . . .        (no shield)
rNeg    . . .        a - +0 scale mail
rPois   .            j - +2 helmet
rElec   .            (no cloak)
rCorr   .            s - +0 pair of gloves
SInv    .            (no boots)
Will    .....        n - amulet of the acrobat
Stlth   ++           (no ring)
HPRegen 0.27/turn    (no ring)
MPRegen 0.10/turn

%: acrobat
@: paralysed
A: small, no large weapons, nightstalker 3
a: no special abilities


You were on level 6 of the Dungeon.
You visited 1 branch of the dungeon, and saw 6 of its levels.

You collected 253 gold pieces.

Inventory:

Hand Weapons
 i - a +2 short sword of venom (weapon)
Missiles
 h - 4 atropa-tipped darts
Armour
 a - a +0 scale mail (worn)
 j - a +2 helmet (worn)
 s - a +0 pair of gloves (worn)
Jewellery
 m - an amulet of faith
 n - an amulet of the acrobat (around neck)
Wands
 c - a wand of flame (36) (quivered)
 d - a wand of charming (14)
 e - a wand of iceblast (5)
Scrolls
 f - a scroll of noise {unknown}
 g - a scroll of torment {unknown}
 k - a scroll of teleportation
 l - 2 scrolls of enchant weapon {unknown}
 o - a scroll of blinking
 p - 2 scrolls of fog
 u - a scroll of vulnerability {unknown}
Potions
 b - a potion of attraction
 q - a potion of mutation {unknown}
 r - a potion of berserk rage
 t - a potion of haste {unknown}


   Skills:
 + Level 3.7 Fighting
 * Level 5.3 Short Blades
 + Level 2.6 Armour
 + Level 4.7 Dodging
 - Level 1.8 Stealth
 - Level 3.8 Evocations


You had 6 spell levels left.
You didn't know any spells.
Your spell library contained the following spells:

 Spells                   Type           Power      Damage    Failure   Level
 Summon Small Mammal      Summ           0%         N/A       86%         1
 Call Canine Familiar     Summ           0%         N/A       99%         3
 Summon Blazeheart Golem  Fire/Summ      0%         N/A       100%        4


Dungeon Overview and Level Annotations

Branches:
Dungeon (6/15)
 Temple: D:4-7

Altars:
Cheibriados

Annotations:
D:3 3 runed translucent doors, Buffagor's ghost, amateur OpSh
D:5 Dowan; Duvessa
D:6 Grinder; Pikel


Innate Abilities, Weirdness & Mutations

You are small and have problems with some larger weapons.
You are completely attuned to the shadows.


Message History

g - Guard the area. f - Follow me.
Anything else - Cancel.
Gang up on whom?
Press: ? - help, Dir - move target, f - Grinder, p - Pikel
Aim: Grinder (ally target) Attack!
Grinder hits you.
You writhe in agony.
Pikel hits Grinder with a +0 whip of flaming.
Pikel burns Grinder.
You closely miss Grinder.
Grinder is lightly wounded.
Grinder gestures at you.
You struggle to resist.
Pikel hits Grinder with a +0 whip of flaming.
Pikel burns Grinder.
You closely miss Grinder.
Grinder is heavily wounded.
You closely miss Grinder.
Grinder is heavily wounded.
Grinder closely misses you.
Pikel hits Grinder with a +0 whip of flaming!
Pikel burns Grinder.
You hit Grinder.
Grinder is severely wounded.
Grinder says, "Wait up."
Grinder gestures at you.
You suddenly lose the ability to move!
Pikel hits Grinder with a +0 whip of flaming.
Pikel burns Grinder.
Grinder barely misses Pikel.
Pikel closely misses Grinder.
Pikel is no longer charmed.
Pikel hits you with a +0 whip of flaming.
Pikel burns you. Grinder gestures at you. Pain shoots through your body!
* * * LOW HITPOINT WARNING * * *
Grinder hits you!
* * * LOW HITPOINT WARNING * * *
Pikel hits you with a +0 whip of flaming!
You die...
Pikel says, "Another soul for the market."

.### ..#
#.#
#.##5###
#..@K.#
#.###.#
# #.#
#.###.#
#.....##
.......#
.##.##.#
#.. #§#
... #§#


You could see Pikel and Grinder.

Vanquished Creatures
  Menkaure (D:4)
  An ogre (D:5)
  2 lemures (D:6)
  A hound (D:6)
  A bombardier beetle (D:4)
  An orc priest (D:4)
  An iguana (D:4)
  2 orc wizards (D:4)
  Robin (D:2)
  3 adders
  A gnoll (D:4)
  A shadow imp (D:6)
  2 dart slugs
  A ribbon worm (D:4)
  8 orcs
  2 bats (D:3)
  An endoplasm (D:1)
  2 giant cockroaches (D:4)
  22 goblins
  14 hobgoblins
  3 jackals (D:2)
  4 quokkas
  8 ball pythons
  3 frilled lizards
  4 kobolds
  5 rats
95 creatures vanquished.

Notes
Turn   | Place    | Note
-------+----------+-------------------------------------------
     0 | D:1      | FallenXxXSky the Kobold Artificer began the quest for the
                  | Orb.
     0 | D:1      | Reached XP level 1. HP: 12/12 MP: 1/1
   124 | D:1      | Reached XP level 2. HP: 14/16 MP: 2/2
   216 | D:1      | Reached skill level 1 in Armour
   227 | D:1      | Found a faded altar of an unknown god.
   907 | D:1      | Reached XP level 3. HP: 21/21 MP: 3/3
  1180 | D:2      | Reached skill level 1 in Short Blades
  1614 | D:2      | Noticed Robin
  1642 | D:2      | Killed Robin
  1643 | D:2      | Reached XP level 4. HP: 22/26 MP: 4/4
  1856 | D:2      | Found a snail-covered altar of Cheibriados.
  2221 | D:3      | Found a runed translucent gate.
  2222 | D:3      | Found a runed translucent gate.
  2222 | D:3      | Noticed an ice beast
  2223 | D:3      | Found a runed translucent gate.
  2223 | D:3      | Noticed Buffagor's ghost (amateur OpSh)
  2532 | D:3      | Reached skill level 2 in Short Blades
  3085 | D:4      | Reached XP level 5. HP: 11/31 MP: 5/5
  3091 | D:4      | Reached skill level 3 in Short Blades
  3451 | D:4      | Noticed Menkaure
  3489 | D:4      | Killed Menkaure
  3490 | D:4      | Reached skill level 4 in Short Blades
  3490 | D:4      | Reached XP level 6. HP: 31/37 MP: 6/6
  3754 | D:4      | Reached XP level 7. HP: 41/41 MP: 7/7
  4182 | D:5      | Entered Level 5 of the Dungeon
  4190 | D:5      | Reached skill level 5 in Short Blades
  4201 | D:5      | Noticed Duvessa
  4202 | D:5      | Noticed Dowan
  4284 | D:6      | Noticed Pikel
  4313 | D:6      | Noticed Grinder
  4325 | D:6      | Paralysed by Grinder for 3 turns
  4328 | D:6      | Slain by Pikel

Illustrated notes

Levels and vault maps discovered:
D:1:      eino_arrival_cavern_b, layout_basic, shapermc_ecumenical_altar_gd
D:2:      layout_loops_ring, basic_altar, serial_bayou_lake_a, uniq_robin
D:3:      layout_basic, gammafunk_ghost_split, serial_bayou_pond_c
D:4:      cheibrodos_greedy_goblins, layout_loops_ring,
          minmay_fractal_squares_gapless_5, uniq_menkaure
D:5:      layout_layer_cave, uniq_eustachio, uniq_duvessa, uniq_prince_ribbit1
D:6:      layout_loops_cross, temple_doors_ab, uniq_crazy_yiuf_cottage,
          uniq_pikel, uniq_grinder

Skill      XL: |  1  2  3  4  5  6  7 |
---------------+----------------------+-----
Armour         | 1 2 |  2.6
Short Blades   | 1 2 4 5 |  5.3
Dodging        | 3 4 |  4.7
Fighting       | 2 3 |  3.7
Stealth        | |  1.8
Evocations     | |  3.8

Action                     |  1- 3 |  4- 6 |  7- 9 || total
---------------------------+-------+-------+-------++-------
  Melee: Club              |    18 |       |       ||    18
         Short sword       |   117 |   146 |    45 ||   308
  Evoke: Wand              |     3 |     2 |     1 ||     6
    Use: Potion            |     3 |       |       ||     3
         Scroll            |       |     6 |     1 ||     7
   Stab: Sleeping          |    10 |     7 |     3 ||    20
 Armour: Leather armour    |    53 |     7 |       ||    60
         Scale mail        |       |    47 |    17 ||    64
  Dodge: Dodged            |    95 |    59 |    22 ||   176
